 Dungeon Crawl Stone Soup version 0.29-a0-422-gafbd6decc1 (webtiles) character file.

Game seed: 6763599192546247616

3763 jlumianski the Cleaver (level 9, -5/69 HPs)
             Began as a Demonspawn Fighter on May 18, 2022.
             Was a Follower of Qazlal.
             Killed from afar by a lindwurm (25 damage)
             ... with a blast of flame
             ... on level 10 of the Dungeon.
             The game lasted 00:21:24 (7338 turns).

jlumianski the Cleaver (Demonspawn Fighter)         Turns: 7338, Time: 00:21:24

Health: -5/69      AC: 19    Str: 21    XL:     9   Next: 94%
Magic:  12/12      EV:  8    Int:  9    God:    Qazlal [*.....]
Gold:   458        SH:  7    Dex: 13    Spells: 8/8 levels left

rFire   . . .      SeeInvis .   J - +12 flail of the Evil Eye {drain, Will+}
rCold   . . .      Faith    .   c - +0 buckler
rNeg    . . .      Spirit   .   G - +0 chain mail
rPois   .          Reflect  .   w - +0 helmet
rElec   .          Harm     .   (no cloak)
rCorr   .          Rampage  .   (no gloves)
Will    ++...                   F - +0 pair of boots
Stlth   ..........              (no amulet)
HPRegen 0.21/turn               j - +4 ring of protection
MPRegen 0.13/turn               m - +4 ring of slaying

@: about to teleport, flying
A: slimy green scales 2, spiny 1, high MP 1, strong-willed 1
a: Renounce Religion


You were on level 10 of the Dungeon.
You worshipped Qazlal.
Qazlal was aware of your devotion.
You visited 2 branches of the dungeon, and saw 10 of its levels.

You collected 458 gold pieces.

Inventory:

Hand Weapons
 a - a +1 war axe of chaos
 v - a +0 spear of venom
 J - the +12 flail of the Evil Eye (weapon) {drain, Will+}
   (You found it on level 7 of the Dungeon)

   A truly terrible weapon, it drains the life of any living foe it strikes.
   Will:      It increases your willpower.
 K - a +1 battleaxe
Missiles
 g - 128 stones
 u - 2 throwing nets
 x - 4 curare-tipped darts
 H - 2 silver javelins
 I - 6 boomerangs (quivered)
 M - 2 boomerangs of dispersal
Armour
 b - a +0 scale mail
 c - a +0 buckler (worn)
 h - a +0 helmet
 r - the +0 leather armour of Decompression {rN+ Str+5 Int-2}
   (You found it on level 3 of the Dungeon)

   Str:       It affects your strength (+5).
   Int:       It affects your intelligence (-2).
   rN:        It protects you from negative energy.
 w - a +0 helmet (worn)
 F - a +0 pair of boots (worn)
 G - a +0 chain mail (worn)
Magical Staves
 k - a staff of earth
Jewellery
 j - a +4 ring of protection (left hand)
 l - a ring of protection from cold
 m - a +4 ring of slaying (right hand)
 o - a +4 ring of evasion
 C - a ring of poison resistance
Wands
 y - a wand of iceblast (10)
Scrolls
 f - 2 scrolls of vulnerability
 n - a scroll of fear
 q - a scroll of enchant weapon
 B - 2 scrolls of teleportation
Potions
 d - 2 potions of might
 e - 7 potions of curing
 i - a potion of attraction
 p - 3 potions of ambrosia
 s - a potion of cancellation
 t - 3 potions of mutation
 A - 2 potions of degeneration
 D - a potion of haste
 E - 2 potions of heal wounds
 L - a potion of magic


   Skills:
 + Level 6.1 Fighting
 + Level 8.4(8.7) Axes
 + Level 3.2(6.2) Maces & Flails
 + Level 0.1 Throwing
 + Level 6.5 Armour
 + Level 2.5 Dodging
 - Level 1.3 Stealth
 + Level 4.4 Shields
 * Level 2.9 Invocations
 * Level 2.1 Evocations


You had 8 spell levels left.
You didn't know any spells.
Your spell library contained the following spells:

 Spells                   Type           Power      Damage    Failure   Level
 Animate Skeleton         Necr           0%         N/A       99%         1
 Beastly Appendage        Tmut           0%         N/A       99%         1
 Pain                     Necr           0%         1d4       99%         1
 Shock                    Conj/Air       0%         1d3       99%         1
 Corpse Rot               Necr/Air       0%         N/A       99%         2
 Poisonous Vapours        Pois/Air       0%         N/A       99%         2
 Wereblood                Tmut           0%         N/A       99%         2
 Dazzling Flash           Conj/Hex       0%         N/A       100%        3
 Spider Form              Tmut/Pois      0%         N/A       100%        3
 Swiftness                Air            0%         N/A       100%        3
 Vampiric Draining        Necr           0%         2d6       100%        3
 Airstrike                Air            0%         N/A       100%        4
 Agony                    Necr           0%         N/A       100%        5
 Silence                  Hex/Air        0%         N/A       100%        5


Dungeon Overview and Level Annotations

Branches:
Dungeon (8/15)             Temple (1/1) D:5
   Lair: D:8-11

Altars:
Ashenzari
Cheibriados
Dithmenos
Elyvilon
Fedhas
Gozag
Hepliaklqana
Kikubaaqudgha
Makhleb
Nemelex Xobeh
Okawaru
Qazlal
Ru
Sif Muna
Uskayaw
Wu Jian
Xom
Zin
The Shining One

Shops:
D:5 (


Innate Abilities, Weirdness & Mutations

You are mostly covered in slimy green scales. (AC +3)
You are partially covered in sharp spines.
You have an increased reservoir of magic. (+10% MP)
You are strong-willed. (Will+)


Message History

e - 7 potions of curing (gained 1)
The lindwurm breathes flames at you. The blast of flame hits you!!
Hit: J) +12 flail of the Evil Eye {drain, Will+}
Press: ? - help, Dir - move target
Okay, then.
Unknown command.
A lindwurm comes into view.
The lindwurm roars!
Found a scale mail.
Found a potion of mutation.
t - 3 potions of mutation (gained 1)
You feel very buoyant.
You fly up into the air.
The lindwurm roars!
Found a scroll labelled RESSUU JUHADGH.
The lindwurm breathes flames at you. The blast of flame hits you!!
Found 22 stones and a potion of curing.
Found a long glowing staff.
Found an escape hatch in the floor.
The lindwurm roars!
The lindwurm closely misses you. The lindwurm claws you.
The lindwurm claws you but does no damage.
You hit the lindwurm.
The lindwurm is lightly wounded.
You block the lindwurm's attack.
The lindwurm claws you but does no damage. x2
The lindwurm breathes flames at you. The blast of flame hits you.
You sock the lindwurm! You drain the lindwurm.
The lindwurm is heavily wounded.
The lindwurm bites you but does no damage.
The lindwurm barely misses you. The lindwurm claws you!
* * * LOW HITPOINT WARNING * * *
Unknown command.
As you read the scroll of teleportation, it crumbles to dust.
You feel strangely unstable. The lindwurm breathes flames at you.
The blast of flame hits you!!
You die...

##...≈≈≈§≈k..##.kk≈≈≈≈§..#
#....≈≈≈§§..####..≈§≈≈≈..##
#....≈§§≈..#.! .#..≈≈≈≈...#
#...§≈§§≈.# (> ##§≈§≈§§..#
#...≈§≈§≈.# ? k)##.§≈≈§§§.#
#....≈≈≈§..#k ?.#..≈≈≈§§§.#
#.#..≈≈§§≈.k####..§≈≈≈≈..##
#.#..≈§§§§§k.##...≈≈≈≈≈..###
#.#...§§≈≈≈@k...≈≈≈≈≈≈......
#.#...§§§≈≈≈≈≈≈§§§≈≈≈≈......
#.##..[≈≈§≈§≈≈≈§§≈§§≈.......
#.##....≈≈≈§§≈≈§≈≈≈≈........
#.# #.....≈≈§≈§§≈≈..........
#.# ##....§.§≈≈.......#+####
#.######............###
#...............##.##
########......####.#


You could see 4 lindwurms.

Vanquished Creatures
  Joseph (D:7)
  A gargoyle (D:8)
  The ghost of SkeletonJelly the Chopper, an amateur MiFi (D:4)
  A wyvern (D:7)
  2 wraiths
  3 water moccasins
  3 sky beasts
  A black bear (D:5)
  An ogre (D:6)
  2 centaurs
  2 phantoms
  4 bullfrogs
  A necrophage (D:6)
  3 scorpions
  3 wights (D:7)
  5 killer bees (D:7)
  A howler monkey (D:6)
  5 hounds
  An orc priest (D:8)
  3 iguanas
  2 orc wizards
  Robin (D:3)
  2 gnolls (D:4)
  7 adders
  A shadow imp (D:6)
  2 white imps (D:6)
  An ufetubus (D:5)
  5 dart slugs
  2 worms
  26 orcs
  A ball python (D:3)
  2 endoplasms
  3 giant cockroaches
  10 goblins
  10 hobgoblins
  4 jackals
  7 kobolds
  4 quokkas
  6 bats
  3 frilled lizards
  7 rats
150 creatures vanquished.

Notes
Turn   | Place    | Note
-------+----------+-------------------------------------------
     0 | D:1      | jlumianski the Demonspawn Fighter began the quest for the
                  | Orb.
     0 | D:1      | Reached XP level 1. HP: 18/18 MP: 1/1
   175 | D:1      | Found a faded altar of an unknown god.
   190 | D:1      | Reached skill level 2 in Axes
   190 | D:1      | Gained mutation: You are partially covered in sharp spines.
                  | [demonic ancestry]
   190 | D:1      | Reached XP level 2. HP: 11/24 MP: 2/2
  1389 | D:3      | Reached XP level 3. HP: 29/29 MP: 3/3
  2456 | D:3      | Identified the +0 leather armour of Decompression {rN+
                  | Str+5 Int-2}
  2636 | D:4      | Noticed a bullfrog
  2636 | D:4      | Noticed SkeletonJelly's ghost (amateur MiFi)
  2636 | D:4      | Found a transporter.
  2681 | D:3      | Gained mutation: You are partially covered in slimy green
                  | scales. (AC +2) [demonic ancestry]
  2681 | D:3      | Reached XP level 4. HP: 35/35 MP: 4/4
  2853 | D:4      | Reached skill level 3 in Axes
  2889 | D:4      | Noticed Robin
  2906 | D:3      | Killed Robin
  3228 | D:4      | Found a transporter.
  3251 | D:4      | Noticed a scorpion
  3261 | D:4      | Killed a scorpion
  3262 | D:4      | Reached XP level 5. HP: 42/42 MP: 5/5
  3334 | D:4      | Noticed a phantom
  3343 | D:4      | Killed a phantom
  3344 | D:4      | Reached skill level 4 in Axes
  3344 | D:4      | Reached skill level 1 in Dodging
  3619 | D:4      | Reached XP level 6. HP: 25/48 MP: 6/6
  3782 | D:4      | Killed SkeletonJelly's ghost
  3783 | D:4      | Reached skill level 5 in Axes
  3783 | D:4      | Gained mutation: You are mostly covered in slimy green
                  | scales. (AC +3) [demonic ancestry]
  3783 | D:4      | Reached XP level 7. HP: 54/55 MP: 7/7
  3966 | D:5      | Entered Level 5 of the Dungeon
  4088 | D:5      | Reached skill level 6 in Axes
  4278 | D:5      | Found Ocycagri's Weapon Boutique.
  4670 | D:5      | Found a staircase to the Ecumenical Temple.
  4715 | Temple   | Entered the Ecumenical Temple
  4725 | Temple   | Became a worshipper of Qazlal Stormbringer
  4820 | D:5      | Reached XP level 8. HP: 61/61 MP: 8/8
  5066 | D:6      | Reached skill level 5 in Fighting
  5245 | D:6      | Reached skill level 5 in Armour
  5246 | D:6      | Reached skill level 7 in Axes
  5294 | D:6      | Gained mutation: You are strong-willed. (Will+) [potion of
                  | mutation]
  5294 | D:6      | Gained mutation: You have an increased reservoir of magic.
                  | (+10% MP) [potion of mutation]
  5387 | D:6      | Reached skill level 1 in Stealth
  5816 | D:6      | Reached XP level 9. HP: 68/68 MP: 9/9
  5946 | D:7      | Identified the +12 flail of the Evil Eye {drain, Will+}
  6057 | D:7      | Reached skill level 8 in Axes
  6077 | D:7      | Noticed Joseph
  6088 | D:7      | Killed Joseph
  6089 | D:7      | Reached skill level 1 in Maces & Flails
  6089 | D:7      | Reached * piety under Qazlal
  6438 | D:7      | Found a broken altar of Ashenzari.
  6442 | D:7      | Reached skill level 1 in Invocations
  6499 | D:7      | Reached skill level 1 in Evocations
  7095 | D:8      | Noticed a gargoyle
  7098 | D:8      | Killed a gargoyle
  7225 | D:8      | You fall into a shaft and drop 2 floors!
  7225 | D:10     | Entered Level 10 of the Dungeon
  7255 | D:10     | Noticed a lindwurm
  7255 | D:10     | Noticed a lindwurm
  7264 | D:10     | Noticed a lindwurm
  7290 | D:10     | Noticed a lindwurm
  7338 | D:10     | Killed from afar by a lindwurm

Illustrated notes

Levels and vault maps discovered:
D:1:      dpeg_arrival_signposts, layout_loops_ring,
          hellmonk_ecumenical_altar_crossroads, chequers_serial_rivers_micro_c,
          hex_medium, minmay_misc_feat_chi
D:2:      layout_loops_corners
D:3:      layout_rooms, minmay_cut_off
D:4:      layout_rooms, gammafunk_ghost_arena, uniq_robin
D:5:      layout_loops_corners, minmay_temple_entry_grid, serial_shops,
          nicolae_diamond_shop, grunt_ministairs_9, palyth_stone_intersect
D:6:      minmay_skewed_foursquare, layout_basic
D:7:      layout_basic, nicolae_ashenzari_panopticon, uniq_joseph
D:8:      layout_gridville, minitemple, lair_entry_dummy, special_room
          [special_room_orc]
D:10:     layout_roguey [special_room_kobold], minmay_lindwurm_lava
Temple:   nicolae_temple_no_exploring_needed

Skill      XL: |  1  2  3  4  5  6  7  8  9 |
---------------+----------------------------+-----
Axes           | 2 3 4 5 6 7 8 |  8.4
Armour         | 3 4 5 6 |  6.5
Shields        | 3 4 |  4.4
Dodging        | 1 2 |  2.5
Fighting       | 4 5 6 |  6.1
Stealth        | 1 |  1.3
Maces & Flails | 3 |  3.2
Invocations    | 2 |  2.9
Evocations     | 2 |  2.1
Throwing       | |  0.1

Action                   |  1- 3 |  4- 6 |  7- 9 || total
-------------------------+-------+-------+-------++-------
Melee: War axe           |    73 |    48 |   100 ||   221
       Flail             |       |       |    63 ||    63
Throw: Stone             |       |     1 |     3 ||     4
  Use: Scroll            |     7 |     3 |     5 ||    15
       Potion            |       |       |     4 ||     4
 Stab: Petrifying        |       |       |     1 ||     1
Armor: Scale mail        |    37 |    43 |    62 ||   142
       Chain mail        |       |       |    65 ||    65
Dodge: Dodged            |    31 |    25 |    71 ||   127
Block: Buckler           |    22 |    14 |    60 ||    96

Table legend: (Time is in decaauts)
 A = Elapsed time spent in this place.
 B = Non-inter-level travel time spent in this place.
 C = Inter-level travel time spent in this place.
 D = Time resting spent in this place.
 E = Time spent auto-exploring this place.
 F = Levels seen in this place.
 G = Mean time per level.
                   A        B        C        D        E       F      G
               +--------+--------+--------+--------+--------+-----+--------+
         Total |   7419 |   7224 |    195 |    311 |   4689 |  10 |  741.9 |
       Dungeon |   7398 |   7203 |    195 |    311 |   4689 |   9 |  822.0 |
        Temple |     20 |     20 |      0 |      0 |      0 |   1 |   20.0 |
               +--------+--------+--------+--------+--------+-----+--------+

Top non-repeatable levels by time:
     D:7: 1216 daAuts
     D:2: 1153 daAuts
     D:1: 1122 daAuts
     D:5: 922 daAuts
     D:4: 918 daAuts
     D:6: 903 daAuts
     D:3: 864 daAuts
     D:8: 179 daAuts
    D:10: 117 daAuts
  Temple: 20 daAuts
